 Dungeon Crawl Stone Soup version 0.28.0-45-g0d030f2227 (webtiles) character file.

Game seed: 8270262009882309694

93 protoss039 the Magician (level 4, -6/24 HPs)
             Began as a Deep Elf Air Elementalist on Apr 6, 2022.
             Mangled by a kobold
             ... wielding a +2 whip of electrocution
              (19 damage)
             ... on level 3 of the Dungeon.
             The game lasted 00:02:46 (1481 turns).

protoss039 the Magician (Deep Elf Air Elementalist) Turns: 1481, Time: 00:02:46

Health: -6/24      AC:  3    Str:  5    XL:     4   Next: 37%
Magic:  21/21      EV: 13    Int: 22    God:
Gold:   27         SH:  0    Dex: 15    Spells: 1/11 levels left

rFire   . . .      SeeInvis .   c - +8 trident of Instinct {vamp, Contam rPois MP+9 Stlth+}
rCold   . . .      Faith    .   (no shield)
rNeg    . . .      Spirit   .   a - +0 robe
rPois   +          Reflect  .   (no helmet)
rElec   .          Harm     .   (no cloak)
rCorr   .          Rampage  .   (no gloves)
Will    .....                   b - +0 pair of boots
Stlth   +++.......              (no amulet)
HPRegen 0.08/turn               (no ring)
MPRegen 0.17/turn               (no ring)

@: no status effects
A: no striking features
a: no special abilities


You were on level 3 of the Dungeon.
You visited 1 branch of the dungeon, and saw 3 of its levels.

You collected 27 gold pieces.

Inventory:

Hand Weapons
 c - the +8 trident of Instinct (weapon) {vamp, Contam rPois MP+9 Stlth+}
   (You found it on level 2 of the Dungeon)

   It occasionally heals its wielder for a portion of the damage dealt when it
   wounds a living foe.
   rPois:     It protects you from poison.
   MP:        It affects your magic capacity (+9).
   Contam:    It causes magical contamination when unequipped.
   Stlth:     It makes you more stealthy.
Armour
 a - a +0 robe (worn)
 b - a +0 pair of boots (worn)
Scrolls
 d - a scroll of fear {unknown}
Potions
 e - a potion of curing {unknown}
 f - 2 potions of mutation {unknown}
 g - a potion of degeneration {unknown}


   Skills:
 - Level 3.0 Dodging
 - Level 3.0 Stealth
 + Level 4.0 Spellcasting
 + Level 2.6 Conjurations
 + Level 3.6 Air Magic


You had one spell level left.
You knew the following spells:

 Your Spells              Type           Power      Damage    Failure   Level
a - Shock                 Conj/Air       72%        1d7       3%          1
b - Static Discharge      Conj/Air       18%        N/A       4%          2
c - Swiftness             Air            20%        N/A       8%          3
d - Airstrike             Air            10%        N/A       24%         4

Your spell library contained the following spells:

 Spells                   Type           Power      Damage    Failure   Level


Dungeon Overview and Level Annotations

Branches:
Dungeon (3/15)

Altars:
Fedhas

Shops:
D:1 [


Message History

Memorise Airstrike, consuming 4 spell levels and leaving 1?
You start memorising the spell.
You continue memorising. x4
You finish memorising.
Spell assigned to 'd'.
You climb downwards.
Found a glowing amethyst potion.
Found an escape hatch in the floor.
There is a stone staircase leading up here.
Unknown command.
You reach to attack!
The helpless hobgoblin fails to defend itself.
You puncture the hobgoblin!
You kill the hobgoblin!
The goblin shouts!
You reach to attack!
You hit the goblin.
You kill the goblin!
Unknown command.
No target in view!
Unknown command.
g - a glowing amethyst potion A kobold comes into view.
It is wielding a +2 whip of electrocution.
A kobold is nearby!
A kobold is nearby!
Found 9 gold pieces.
Found a brown potion.
You reach to attack!
The helpless kobold fails to defend itself.
You hit the kobold.
The kobold is moderately wounded.
You closely miss the kobold.
The kobold is moderately wounded.
The kobold closely misses you.
The kobold hits you with a +2 whip of electrocution.
You closely miss the kobold.
The kobold is moderately wounded.
The kobold hits you with a +2 whip of electrocution.
You barely miss the kobold.
The kobold is moderately wounded.
The kobold hits you with a +2 whip of electrocution.
You are electrocuted!!
Ouch! That really hurt!
You die...

..................#
..........).......#
..................# #
.......>..........##.#
.......<.###.........#
#.......## #.........#
##.....## #.........#
###### #...!.....#
#..@......#
#..K......#
#.........#
#.........#
#.$.......#
#.!.......#
###########


You could see a kobold.

Vanquished Creatures
  Jessica (D:2)
  A gnoll (D:1)
  2 adders (D:2)
  A worm (D:2)
  5 bats
  An endoplasm (D:2)
  4 giant cockroaches
  A goblin (D:3)
  2 hobgoblins
  5 kobolds
  3 quokkas (D:2)
  A ball python (D:1)
  4 frilled lizards
  8 rats
39 creatures vanquished.

Notes
Turn   | Place    | Note
-------+----------+-------------------------------------------
     0 | D:1      | protoss039 the Deep Elf Air Elementalist began the quest
                  | for the Orb.
     0 | D:1      | Reached XP level 1. HP: 10/10 MP: 6/6
   143 | D:1      | Found Qumu's Armour Shoppe.
   192 | D:1      | Reached XP level 2. HP: 15/15 MP: 0/8
   712 | D:1      | Learned a level 2 spell: Static Discharge
   936 | D:2      | Identified the +8 trident of Instinct {vamp, Contam rPois
                  | MP+9 Stlth+}
  1023 | D:2      | Reached XP level 3. HP: 19/19 MP: 9/9
  1061 | D:2      | Found a blossoming altar of Fedhas.
  1318 | D:2      | Noticed Jessica
  1321 | D:2      | Killed Jessica
  1322 | D:2      | Reached skill level 4 in Spellcasting
  1322 | D:2      | Reached XP level 4. HP: 24/24 MP: 12/12
  1456 | D:2      | Learned a level 3 spell: Swiftness
  1461 | D:2      | Learned a level 4 spell: Airstrike
  1481 | D:3      | Mangled by a kobold

Illustrated notes

Levels and vault maps discovered:
D:1:      beargit_arrival_diablo_church, layout_basic, serial_shops, shop
D:2:      layout_rooms, basic_altar, uniq_jessica
D:3:      layout_rooms, mainiacjoe_overflow_alcove_2,
          shapermc_ecumenical_altar_venn, kennysheep_flooded_box, uniq_terence,
          uniq_robin

Skill      XL: |  1  2  3 |
---------------+----------+-----
Stealth        | 3 |  3.0
Dodging        | 3 |  3.0
Conjurations   | 2 |  2.6
Spellcasting   | 4 |  4.0
Air Magic      | |  3.6

Action                   |  1- 3 |  4- 6 || total
-------------------------+-------+-------++-------
Melee: Unarmed           |     3 |       ||     3
       Dagger            |    16 |       ||    16
       Trident           |    34 |    11 ||    45
 Cast: Shock             |    22 |       ||    22
       Static Discharge  |     1 |       ||     1
 Stab: Sleeping          |     8 |     2 ||    10
Armor: Robe              |     8 |       ||     8
Dodge: Dodged            |    40 |     4 ||    44
